 Dungeon Crawl Stone Soup version 0.29-a0-323-g050149af67 (webtiles) character file.

Game seed: 10041490470053114832

555 Jortsu the Ruffian (level 7, 0/67 HPs)
             Began as a Troll Fighter on Apr 12, 2022.
             Was a Plaything of Xom.
             Slain by a gnoll sergeant
             ... wielding a +0 spear
              (5 damage)
             ... on level 6 of the Dungeon.
             The game lasted 00:05:30 (2420 turns).

Jortsu the Ruffian (Troll Fighter)                  Turns: 2420, Time: 00:05:31

Health: 0/67       AC:  5    Str: 25    XL:     7   Next: 8%
Magic:  6/6        EV:  9    Int:  4    God:    Xom [....*.]
Gold:   1035       SH:  8    Dex: 11    Spells: 6/6 levels left

rFire   . . .      SeeInvis .     - Unarmed
rCold   . . .      Faith    .   b - +0 kite shield
rNeg    . . .      Spirit   .   a - +0 robe
rPois   .          Reflect  .   (helmet restricted)
rElec   .          Harm     .   g - +0 cloak
rCorr   .          Rampage  .   (gloves unavailable)
Will    .....                   (boots unavailable)
Stlth   +.........              (no amulet)
HPRegen 1.01/turn               (no ring)
MPRegen 0.10/turn               (no ring)

@: lit by a corona, glowing
A: large, unfitting armour, claws 3, regeneration 1, shaggy fur 1, tough skin 1
a: Renounce Religion


You were on level 6 of the Dungeon.
You worshipped Xom.
You were a beloved toy of Xom.
You visited 1 branch of the dungeon, and saw 5 of its levels.

You collected 1035 gold pieces.

Inventory:

Armour
 a - a +0 robe (worn)
 b - a +0 kite shield (worn)
 g - a +0 cloak (worn)
Jewellery
 e - a ring of magical power
 i - a ring of fire
 o - a ring of willpower
Scrolls
 l - 2 scrolls of amnesia
 p - 4 scrolls of teleportation
Potions
 c - 5 potions of might
 d - a potion of cancellation
 f - a potion of magic
 h - 3 potions of haste {unknown}
 j - 3 potions of curing {unknown}
 k - a potion of degeneration {unknown}
 m - 3 potions of invisibility {unknown}
 n - 3 potions of heal wounds {unknown}
 q - a potion of attraction {unknown}


   Skills:
 + Level 3.2 Fighting
 + Level 3.8 Dodging
 + Level 1.1 Stealth
 + Level 3.7 Shields
 + Level 4.7 Unarmed Combat


You had 6 spell levels left.
You didn't know any spells.
Your spell library was empty.

Dungeon Overview and Level Annotations

Branches:
Dungeon (4/15)
 Temple: D:4-7

Altars:
Ru
Xom


Innate Abilities, Weirdness & Mutations

You are too large for most types of armour.
You have claws for hands.
Your natural rate of healing is unusually fast.
You are covered in fur. (AC +1)
You have tough skin. (AC +1)


Message History

You block the gnoll shaman's attack. You block the gnoll sergeant's attack.
You barely miss the gnoll shaman.
The gnoll shaman is almost dead.
The gnoll shaman utters an invocation to its god.
The gnoll shaman is healed somewhat.
The gnoll sergeant hits you from afar with a +0 spear.
You scratch the gnoll shaman but do no damage.
The gnoll shaman is heavily wounded.
You block the gnoll shaman's attack.
The gnoll sergeant hits you from afar with a +0 spear!
You closely miss the gnoll shaman.
The gnoll shaman is heavily wounded.
The gnoll shaman hits you with a +0 whip!
The gnoll sergeant hits you from afar with a +0 spear!
You closely miss the gnoll shaman.
The gnoll shaman is heavily wounded.
The gnoll shaman hits you with a +0 whip!
* * * LOW HITPOINT WARNING * * *
The gnoll sergeant closely misses you.
You scratch the gnoll shaman.
The gnoll shaman is severely wounded.
Xom smirks.
You feel aware of your surroundings.
You sensed 1 shop/portal.
The gnoll sergeant hits you from afar with a +0 spear!
* * * LOW HITPOINT WARNING * * *
The gnoll shaman calls upon its god to speed up the gnoll sergeant.
The gnoll sergeant seems to speed up.
You claw the gnoll shaman!
You kill the gnoll shaman!
You are no longer corroded.
The gnoll sergeant barely misses you. x2
You block the gnoll sergeant's attack.
Things that are here:
a +0 whip; a +0 robe; a gnoll corpse You scratch the gnoll sergeant.
The gnoll sergeant is moderately wounded.
You block the gnoll sergeant's attack.
The gnoll sergeant hits you with a +0 spear.
You die...
Xom snickers!

,,, ** * *,,,,, , *
,,**** * ***** ####*, ,
,,,*,,* ,,**** * ....**
,,,,,#+#** * * .....*
,###.###*,, ,**
***,,.$$..,#+###.....###,
,,, **
,$..$..#.#.........# ,,
*,,+ ,$..$..#.#.?.......#
, , ,
,.$$..lg.#.........# ,,**
*,**
,.....##@#.........#,
*,** *... **#.#.........#
** *,,***#****
#.#....)....# **, , *
####'###.....### *** ***
,, ** #......###.###*,,
,* ,, ,,,,, * #......#
#'####* *, * * ,,,,,
#......###....#, ,,, * ,,
** #......##.....##* ,*,
,,,, #...)..#.......# ,*


You could see a gnoll sergeant (fast) and an iguana.

Vanquished Creatures
  A phantom (D:6)
  A bullfrog (D:6)
  A necrophage (D:6)
  Crazy Yiuf (D:2)
  2 jellies (D:6)
  A gnoll shaman (D:6)
  2 iguanas
  Terence (D:3)
  2 orc wizards
  Robin (D:4)
  3 adders
  An ufetubus (D:6)
  3 worms
  2 dart slugs (D:2)
  2 orcs
  6 endoplasms
  A giant cockroach (D:4)
  20 goblins
  8 hobgoblins
  2 jackals (D:1)
  4 quokkas
  8 ball pythons
  4 bats (D:2)
  3 frilled lizards (D:3)
  2 kobolds
  2 rats
84 creatures vanquished.

Vanquished Creatures (others)
  An iguana (D:6)
  An ufetubus (D:6)
2 creatures vanquished.

Grand Total: 86 creatures vanquished

Notes
Turn   | Place    | Note
-------+----------+-------------------------------------------
     0 | D:1      | Jortsu the Troll Fighter began the quest for the Orb.
     0 | D:1      | Reached XP level 1. HP: 22/22 MP: 0/0
   226 | D:1      | Reached XP level 2. HP: 29/29 MP: 1/1
   784 | D:1      | Identified a scroll of acquirement
   784 | D:1      | Acquired 683 gold pieces
   858 | D:2      | Found a runed translucent door.
   859 | D:2      | Noticed Crazy Yiuf
   866 | D:2      | Killed Crazy Yiuf
   867 | D:2      | Reached XP level 3. HP: 24/36 MP: 2/2
  1045 | D:2      | Reached XP level 4. HP: 44/44 MP: 3/3
  1134 | D:2      | Found a faded altar of an unknown god.
  1153 | D:2      | Prayed at the altar of an unknown god.
  1153 | D:2      | Became a worshipper of Xom of Chaos
  1551 | D:2      | XOM: 7-stop teleportation journey
  1557 | D:2      | Reached skill level 3 in Unarmed Combat
  1953 | D:3      | XOM: 1-stop teleportation journey
  1998 | D:3      | Noticed Terence
  2007 | D:3      | Killed Terence
  2008 | D:3      | Reached XP level 5. HP: 44/52 MP: 4/4
  2118 | D:4      | Noticed Robin
  2120 | D:4      | XOM: enchant monster (bad)
  2167 | D:4      | XOM: noise
  2174 | D:4      | Killed Robin
  2229 | D:4      | Found a sacrificial altar of Ru.
  2305 | D:4      | You fall into a shaft and drop 2 floors!
  2315 | D:6      | Noticed a phantom
  2315 | D:6      | XOM: divination: detect creatures
  2319 | D:6      | Reached skill level 4 in Unarmed Combat
  2319 | D:6      | Reached XP level 6. HP: 54/61 MP: 5/5
  2320 | D:6      | XOM: polymorph scorpion -> jelly
  2322 | D:6      | XOM: cast spell 'Summon Small Mammal'
  2325 | D:6      | Reached skill level 1 in Stealth
  2383 | D:6      | Reached XP level 7. HP: 64/67 MP: 6/6
  2405 | D:6      | XOM: destruction
  2417 | D:6      | XOM: divination: magic mapping
  2417 | D:6      | HP: 2/67 [gnoll sergeant/+0 spear (10)]
  2420 | D:6      | Slain by a gnoll sergeant

Illustrated notes

Levels and vault maps discovered:
D:1:      dpeg_arrival_shrine, layout_loops_ring, minmay_liquid_box
D:2:      layout_loops_ring, shapermc_ecumenical_altar_pompeii,
          minmay_divided_ellipse, uniq_crazy_yiuf_cottage
D:3:      layout_rooms, uniq_terence
D:4:      layout_gridville, nicolae_ru_great_annihilating_truth,
          minmay_temple_entry_nine_rooms, serial_shops, nicolae_shop_trees,
          cheibrodos_sewer_entry_sluice, due_unseen_surprise, uniq_edmund,
          uniq_ijyb, uniq_robin, uniq_pikel, uniq_natasha
D:6:      minmay_polygon_palace, layout_loops_corners, serial_shops,
          nicolae_inconvenience_store, kennysheep_generic_room_12, uniq_menkaure

Skill      XL: |  1  2  3  4  5  6 |
---------------+-------------------+-----
Shields        | 3 |  3.7
Unarmed Combat | 3 4 |  4.7
Dodging        | 3 |  3.8
Fighting       | 3 |  3.2
Stealth        | 1 |  1.1

Action                   |  1- 3 |  4- 6 |  7- 9 || total
-------------------------+-------+-------+-------++-------
Melee: Unarmed           |    64 |   140 |    15 ||   219
  Use: Scroll            |     5 |     5 |       ||    10
 Stab: Sleeping          |     2 |     3 |       ||     5
       Paralysed         |       |     1 |       ||     1
Armor: Robe              |    20 |    67 |       ||    87
Dodge: Dodged            |    25 |    83 |     8 ||   116
Block: Kite shield       |    20 |    69 |     8 ||    97

Table legend: (Time is in decaauts)
 A = Elapsed time spent in this place.
 B = Non-inter-level travel time spent in this place.
 C = Inter-level travel time spent in this place.
 D = Time resting spent in this place.
 E = Time spent auto-exploring this place.
 F = Levels seen in this place.
 G = Mean time per level.
                   A        B        C        D        E       F      G
               +--------+--------+--------+--------+--------+-----+--------+
         Total |   2438 |   2422 |     16 |     39 |   1615 |   5 |  487.6 |
       Dungeon |   2438 |   2422 |     16 |     39 |   1615 |   5 |  487.6 |
               +--------+--------+--------+--------+--------+-----+--------+

Top non-repeatable levels by time:
     D:2: 890 daAuts
     D:1: 827 daAuts
     D:3: 431 daAuts
     D:4: 172 daAuts
     D:6: 117 daAuts
